 Dungeon Crawl Stone Soup version 0.15.0-13-gb296d5c (console) character file.

137 gw the Insei (level 5, -4/41 HPs)
             Began as a Demonspawn Monk on Sept 3, 2014.
             Killed by divine providence
             ... invoked by an orc priest
              (9 damage)
             ... on Level 3 of the Dungeon.
             The game lasted 00:02:46 (3442 turns).

gw the Insei (Demonspawn Monk)                      Turns: 3442, Time: 00:02:46

HP  -4/41        AC  6     Str 11      XL: 5   Next:  0%
MP   5/5         EV  9     Int 11      God:
Gold 0           SH  0     Dex 24      Spells:  0 memorised,  4 levels left

rFire  + . .     SeeInvis .       - Unarmed
rCold  . . .     Clarity  .     h - +0 ring mail
rNeg   . . .     rCorr    .     (no shield)
rPois  .         rRot     .     (no helmet)
rElec  .         Spirit   .     f - +0 cloak
SustAb .         Warding  .     (no gloves)
rMut   .         Stasis   .     (no boots)
Gourm  .                        (no amulet)
MR     .....                    (no ring)
                                k - +3 ring of dexterity

@: not resistant to hostile enchantments, fairly stealthy
A: hooves 1, thin skeletal structure 2, fire resistance 1
a: no special abilities


You were on level 3 of the Dungeon.
You were not hungry.

You visited 1 branch of the dungeon, and saw 3 of its levels.

Inventory:

Missiles
 c - 52 stones (quivered)
Armour
 f - a +0 cloak (worn)
 h - a +0 ring mail (worn)
Comestibles
 b - 3 bread rations
 g - 14 fruits
 l - a meat ration
Scrolls
 d - a scroll of identify
 e - a scroll of remove curse {unknown}
 i - 2 scrolls of magic mapping
 j - a scroll of fear {unknown}
Jewellery
 k - a +3 ring of dexterity (left hand)
Potions
 a - a potion of curing


   Skills:
 + Level 3.5 Fighting
 + Level 1.5 Throwing
 + Level 1.9 Armour
 - Level 2.6 Dodging
 - Level 1.7 Stealth
 * Level 4.5 Unarmed Combat


You had 4 spell levels left.
You didn't know any spells.

Dungeon Overview and Level Annotations

Branches:
Dungeon (3/15)

Altars:


Innate Abilities, Weirdness & Mutations

You have large cloven feet.
You have a moderately thin skeletal structure (Dex +4, Stealth+).
Your flesh is heat resistant.


Message History

The orc priest hits you but does no damage.
MOVING TO (-8,1) MOVING TO (-7,1) MOVING TO (-6,1)
The orc priest mumbles some strange prayers to Beogh against you.
You barely resist.
MOVING TO (-5,1)
The orc priest mumbles some strange prayers to Beogh against you.
Something smites you!
MOVING TO (-4,1)
The orc priest mumbles some strange prayers to Beogh against you.
Something smites you!
MOVING TO (-3,1) MOVING TO (-2,1)
The orc priest prays to Beogh.
You feel a wave of unholy energy pass over you.
MOVING TO (-1,1)
The orc priest calls down the wrath of Beogh upon you.
Something smites you!
You die...

....................####.........
.............####%%.# #........#
..........#### #...# #........#
.......############## ##########
...............#############
...........................#
.......................o[..######
..................o..............
............#...6#########.......
............#....# .....
####........#....# ....
#........#....# ..$
#........#....# # ###############


You could see an orc priest and an orc.

Table legend:
 A = Turns spent in this place as a percentage of turns spent in the entire game.
 B = Non-inter-level travel turns spent in this place as a percentage of non-inter-level travel turns spent in the entire game.
 C = Inter-level travel turns spent in this place as a percentage of turns spent in this place.
 D = Turns resting spent in this place as a percentage of non-inter-level travel turns spent in this place.
 E = Turns spent auto-exploring this place as a percentage of non-inter-level travel turns spent in this place.
 F = Non-inter-level travel turns spent in this place divided by the number of levels of this place that you've seen.
                   A       B       C       D       E      F
               +-------+-------+-------+-------+-------+----------------------
         Total | 100.0 | 100.0 |   1.2 |   6.4 |  16.0 | 243.3
       Dungeon | 100.0 | 100.0 |   1.2 |   6.4 |  16.0 | 243.3
               +-------+-------+-------+-------+-------+----------------------

Table legend:
 A = Kills in this place as a percentage of kills in entire the game.
 B = Kills by you in this place as a percentage of kills by you in the entire game.
 C = Kills by friends in this place as a percentage of kills by friends in the entire game.
 D = Other kills in this place as a percentage of other kills in the entire game.
 E = Experience gained in this place as a percentage of experience gained in the entire game.
 F = Experience gained in this place divided by the number of levels of this place that you have seen.
                   A       B       C       D       E      F
               +-------+-------+-------+-------+-------+----------------------
         Total | 100.0 | 100.0 |  -nan |  -nan | 100.0 |  65.7
       Dungeon | 100.0 | 100.0 |  -nan |  -nan | 100.0 |  65.7
               +-------+-------+-------+-------+-------+----------------------

Vanquished Creatures
  A giant frog (D:3)
  2 adders (D:2)
  A worm (D:3)
  A giant gecko (D:3)
  3 orcs (D:3)
  3 bats
  2 giant cockroaches (D:1)
  5 hobgoblins
  3 jackals (D:2)
  4 giant newts
  7 goblins
  7 kobolds
  10 rats
49 creatures vanquished.

Notes
Turn   | Place    | Note
--------------------------------------------------------------
     0 | D:1      | gw, the Demonspawn Monk, began the quest for the Orb.
     0 | D:1      | Reached XP level 1. HP: 18/18 MP: 1/1
   428 | D:1      | Gained mutation: You have a somewhat thin skeletal structure (Dex +2, Stealth). [demonic ancestry]
   428 | D:1      | Reached XP level 2. HP: 21/24 MP: 2/2
  1580 | D:2      | Reached skill level 4 in Unarmed Combat
  1758 | D:2      | Gained mutation: Your flesh is heat resistant. [demonic ancestry]
  1758 | D:2      | Reached XP level 3. HP: 29/29 MP: 3/3
  1784 | D:2      | Reached skill level 1 in Armour
  1898 | D:2      | Reached skill level 1 in Throwing
  2689 | D:3      | Noticed a giant frog
  2722 | D:3      | Killed a giant frog
  2722 | D:3      | Gained mutation: You have large cloven feet. [demonic ancestry]
  2722 | D:3      | Reached XP level 4. HP: 14/35 MP: 4/4
  3434 | D:3      | Gained mutation: You have a moderately thin skeletal structure (Dex +4, Stealth+). [demonic ancestry]
  3434 | D:3      | Reached XP level 5. HP: 29/41 MP: 5/5
  3442 | D:3      | Killed from afar by an orc priest

Action                   |  1- 3 |  4- 6 || total
-------------------------+-------+-------++-------
Melee: Unarmed           |   118 |    21 ||   139
Throw: Stone             |   108 |    24 ||   132
  Use: Scroll            |     5 |       ||     5
       Potion            |     4 |       ||     4
  Eat: Chunk             |     3 |       ||     3
       Bread ration      |     1 |       ||     1

Vault maps used:
D:1:      minmay_arrival_glassed_features
D:2:      first_bread, dk_vineyard_2, grunt_ministairs_11
